Lightning vs Predators

Created - June 20, 2022 at 19:08

Goals
1 2 3 OT1 SO T
Lightning 2 0 3 0 0 5
Predators 2 2 1 0 1 6
Shots
1 2 3 OT1 SO T
Lightning 15 11 16 0 4 42
Predators 7 12 11 4 4 34

1st period

1. Predators , Mikael Granlund 46 (Alexander Ovechkin 46) at 8:43
2. Lightning , Max Pacioretty 26 (Mark Scheifele 61, John Carlson 34) at 12:40
3. Lightning , Ondrej Palat 9 (Erik Christensen 6, Peter Prucha 2) at 15:24
4. Predators , Alexander Edler 12 (Mikael Granlund 63, Andy Miele 58) at 18:24 (PP)

Penalties :
John Carlson (T.B) for Hooking (Minor) at 0:22, Ryan Kesler (Nas) for Slashing (Minor) at 13:08, Erik Christensen (T.B) for Holding (Minor) at 18:20, Shayne Gostisbehere (T.B) for High sticking (Minor) at 19:25

2nd period

5. Predators , Alexander Ovechkin 40 (Andy Miele 59) at 3:17
6. Predators , Andy Miele 30 (Mikael Granlund 64) at 18:06

Penalties :
Brent Seabrook (T.B) for Roughing (Minor) at 7:18, Shayne Gostisbehere (T.B) for Hooking (Minor) at 11:25, Mark Scheifele (T.B) for Slashing (Minor) at 14:56

3rd period

7. Predators , Andy Miele 31 (Mikael Granlund 65) at 0:06
8. Lightning , Max Pacioretty 27 (Nikolaj Ehlers 15, Mark Scheifele 62) at 9:08 (PP)
9. Lightning , Shayne Gostisbehere 11 (Jesper Fast 9, Jimmy Vesey 26) at 17:23
10. Lightning , Max Pacioretty 28 (Nikolaj Ehlers 16, Mark Scheifele 63) at 19:21

Penalties :
Max Pacioretty (T.B) for Hooking (Minor) at 5:07, Mikael Granlund (Nas) for Hooking (Minor) at 8:46

Overtime #1

No Goal

Penalties :
No Penalty

Shootout

Lightning, Max Pacioretty - Shot Misses the Net
Predators, Brendan Gallagher - Stopped by Jimmy Howard
Lightning, Mark Scheifele - Stopped by Kari Lehtonen
Predators, Mikael Granlund - Shot Misses the Net
Lightning, Brayden Point - Stopped by Kari Lehtonen
Predators, Alexander Ovechkin - Stopped by Jimmy Howard
Lightning, Nikolaj Ehlers - Stopped by Kari Lehtonen
Predators, Jaden Schwartz - Goal!

Penalties :
No Penalty

Goalie Stats

Alex Nedeljkovic (T.B), 13 saves from 17 shots - (0.765), 38:06 minutes
Jimmy Howard (T.B), 16 saves from 17 shots - (0.941), OTL, 18-22-6, 26:41 minutes
Kari Lehtonen (Nas), 37 saves from 42 shots - (0.881), W, 25-17-2, 65:00 minutes

Players Stats for Lightning

Player Name              G  A  P  +/- PIM S  H  SB GA TA FO     MP     PP MP  PK MP  
------------------------------------------------------------------------------------
Brayden Point            0  0  0   0  0   0  0  0  0  0  7/8    12:57   0:47   0:42 
Brent Seabrook           0  0  0   0  2   0  4  0  0  2  0/0    21:52   0:00   4:06 
Erik Christensen         0  1  1   1  2   1  2  0  0  0  1/3     9:43   0:00   2:35 
Jesper Fast              0  1  1   0  0   4  0  0  0  0  0/1    11:24   0:00   0:00 
Jimmy Vesey              0  1  1   0  0   3  4  0  0  0  1/1    14:26   0:47   1:12 
John Carlson             0  1  1  -1  2   4  1  1  1  1  0/0    30:41   1:41   6:06 
Joni Pitkanen            0  0  0   1  0   1  0  0  0  0  0/0    15:51   0:40   4:52 
Loui Eriksson            0  0  0  -2  0   2  1  0  1  0  0/1    11:08   0:00   0:00 
Mark Scheifele           0  3  3   1  2   6  2  1  0  0  24/52  26:19   1:34   5:56 
Max Pacioretty           3  0  3   1  2   6  1  1  1  1  0/0    22:04   1:34   2:56 
Nikolaj Ehlers           0  2  2   1  0   1  2  0  0  0  0/0    17:47   1:34   0:00 
Ondrej Palat             1  0  1   1  0   2  1  0  0  0  0/0     7:50   0:00   0:00 
Peter Prucha             0  1  1   1  0   0  2  0  0  0  0/0     6:40   0:00   0:00 
Sergei Shirokov          0  0  0  -2  0   1  0  0  0  0  1/1    20:32   0:00   6:52 
Shayne Gostisbehere      1  0  1  -1  4   5  2  2  1  1  0/0    28:58   1:41   4:46 
Wiley Sherman            0  0  0   0  0   0  0  0  0  0  0/0    14:19   0:00   4:06 
Will Butcher             0  0  0   1  0   2  4  1  0  0  0/0    18:25   0:40   0:00 
Yanni Gourde             0  0  0  -2  0   4  4  1  1  0  4/12   16:59   0:47   3:43 

Players Stats for Predators

Player Name              G  A  P  +/- PIM S  H  SB GA TA FO     MP     PP MP  PK MP  
------------------------------------------------------------------------------------
Alexander Edler          1  0  1   1  0   1  0  0  1  0  0/0    32:04   6:32   1:34 
Alexander Ovechkin       1  1  2   1  0   6  0  3  1  0  1/1    25:43   6:30   0:24 
Andy Miele               2  2  4   2  0   3  2  0  0  2  15/41  23:15   6:34   0:43 
Brad Boyes               0  0  0   0  0   0  3  0  0  0  1/2    11:07   0:14   0:00 
Brendan Gallagher        0  0  0  -1  0   1  4  0  1  0  1/1    19:05   5:19   1:25 
Chris Higgins            0  0  0   0  0   1  0  0  0  0  0/0     8:19   0:00   0:00 
Denis Grebeshkov         0  0  0   1  0   0  0  0  0  0  0/0    10:37   0:00   0:00 
Jack Eichel              0  0  0   0  0   1  0  0  0  0  1/3    11:24   0:00   0:19 
Jaden Schwartz           0  0  0  -1  0   3  3  0  0  2  4/6    19:08   5:19   1:28 
John Moore               0  0  0  -2  0   0  0  1  0  0  0/0    22:19   5:26   0:47 
Justin Abdelkader        0  0  0   0  0   1  0  0  0  0  0/0     9:57   0:00   0:00 
Justin Faulk             0  0  0  -2  0   2  2  0  0  0  0/0    22:19   5:26   0:47 
Mark Pysyk               0  0  0   0  0   3  0  0  0  0  0/0     8:42   0:00   0:23 
Mikael Granlund          1  3  4   2  2   4  2  1  0  0  7/7    25:15   6:39   0:00 
Nate Schmidt             0  0  0   1  0   0  1  0  0  0  0/0    10:37   0:00   0:00 
Ryan Kesler              0  0  0  -3  2   1  0  0  1  0  8/13   17:00   5:19   0:00 
Ryan Mcdonagh            0  0  0   1  0   6  1  2  1  1  0/0    32:04   6:32   1:34 
Scott Laughton           0  0  0   0  0   1  1  0  0  0  3/5     8:42   0:00   0:00 

3 Stars

1 - Andy Miele (Nas)
2 - Mikael Granlund (Nas)
3 - Max Pacioretty (T.B)

Power Play

Lightning - 1 on 2 Attempt(s) - 50.00%
Predators - 1 on 7 Attempt(s) - 14.29%

Penalty Kill

Lightning - 6 on 7 Attempt(s) - 85.71% - Score 0 goal in Penalty Kill
Predators - 1 on 2 Attempt(s) - 50.00% - Score 0 goal in Penalty Kill

Team Stat

Lightning - Hits : 30 - Faceoff Wins : 38 - Blocked Shots : 7 - Penalty Minutes : 14
Predators - Hits : 19 - Faceoff Wins : 41 - Blocked Shots : 7 - Penalty Minutes : 4

Official

Referees : Steve Kozari and Wes McCauley
Linesman : Bryan Pancich and Kyle Flemington

Game Notes

Jimmy Howard enters game at 18:06 of 2nd period
9:08 of 3rd period - Lightning goal is going for a video replay. After video review, Goal.
Max Pacioretty has scored a Hat Trick!

Finance

Level 1 -- Attendance: 5511 (91.85%) -- Ticket Income $551,100
Level 2 -- Attendance: 4627 (92.54%) -- Ticket Income $277,620
Level 3 -- Attendance: 2000 (100.00%) -- Ticket Income $70,000
Level 4 -- Attendance: 4000 (100.00%) -- Ticket Income $100,000
Luxury Box -- Attendance: 1000 (100.00%) -- Ticket Income $200,000
Game was played at the Bridgestone arena.
Total Attendance: 17138 (95.21%)
Total Ticket Income: $1,198,720
Other Income: $179,808
Total Income: $1,378,528

Lightning

5 vs 5 Forward 
   Center                   Left Wing                Right Wing               Time % Phy DF OF 
 1 Mark Scheifele           Max Pacioretty           Nikolaj Ehlers           40     1   2  2  
 2 Yanni Gourde             Sergei Shirokov          Loui Eriksson            30     1   2  2  
 3 Brayden Point            Jimmy Vesey              Jesper Fast              20     1   2  2  
 4 Erik Christensen         Ondrej Palat             Peter Prucha             10     1   2  2  

5 vs 5 Defense 
   Defense                  Defense                                           Time % Phy DF OF 
 1 John Carlson             Shayne Gostisbehere                               40     1   2  2  
 2 Will Butcher             Brent Seabrook                                    30     1   2  2  
 3 Joni Pitkanen            Wiley Sherman                                     20     1   2  2  
 4 John Carlson             Shayne Gostisbehere                               10     1   2  2  

PowerPlay Forward 
   Center                   Left Wing                Right Wing               Time % Phy DF OF 
 1 Mark Scheifele           Max Pacioretty           Nikolaj Ehlers           60     1   2  2  
 2 Yanni Gourde             Jimmy Vesey              Brayden Point            40     1   2  2  

PowerPlay Defense
   Defense                  Defense                                           Time % Phy DF OF 
 1 John Carlson             Shayne Gostisbehere                               60     1   2  2  
 2 Will Butcher             Joni Pitkanen                                     40     1   2  2  

Penalty Kill 4 Players Forward 
   Center                   Wing                     Time % Phy DF OF 
 1 Mark Scheifele           Sergei Shirokov          60     1   2  2  
 2 Yanni Gourde             Max Pacioretty           40     1   2  2  

Penalty Kill 4 Players Defense
   Defense                  Defense                  Time % Phy DF OF 
 1 John Carlson             Shayne Gostisbehere      60     1   2  2  
 2 Joni Pitkanen            Brent Seabrook           40     1   2  2  

Penalty Kill - 3 Players Forward 
   Forward                                           Time % Phy DF OF 
 1 Mark Scheifele                                    60     1   2  2  
 2 Sergei Shirokov                                   40     1   2  2  

Penalty Kill - 3 Players Defense
   Defense                  Defense                  Time % Phy DF OF 
 1 John Carlson             Shayne Gostisbehere      60     1   2  2  
 2 Joni Pitkanen            Brent Seabrook           40     1   2  2  

4 vs 4 Forward 
   Center                   Wing                     Time % Phy DF OF 
 1 Mark Scheifele           Sergei Shirokov          60     1   2  2  
 2 Yanni Gourde             Max Pacioretty           40     1   2  2  

4 vs 4 Defense
   Defense                  Defense                  Time % Phy DF OF 
 1 John Carlson             Shayne Gostisbehere      60     1   2  2  
 2 Will Butcher             Brent Seabrook           40     1   2  2  

Last Minutes Offensive
   Center                   Left Wing                Right Wing               Defense                  Defense                  
   Mark Scheifele           Max Pacioretty           Nikolaj Ehlers           John Carlson             Shayne Gostisbehere      

Last Minutes Defensive
   Center                   Left Wing                Right Wing               Defense                  Defense                  
   Mark Scheifele           Sergei Shirokov          Nikolaj Ehlers           John Carlson             Shayne Gostisbehere      

Goaltenders
Starting : Alex Nedeljkovic         
Backup : Jimmy Howard             

Extra Forwards
Normal : Ondrej Palat, Jimmy Vesey, Erik Christensen - PP : Ondrej Palat, Jimmy Vesey - PK : Erik Christensen
Extra Defensemen
Normal : Will Butcher, Wiley Sherman, Joni Pitkanen - PP : Will Butcher - PK : Wiley Sherman, Joni Pitkanen
Penalty Shots
Max Pacioretty, Mark Scheifele, Brayden Point, Nikolaj Ehlers, Sergei Shirokov

Scratches
Alex Killorn (Healthy), Cody Goloubef (Healthy), Derek Meech (Healthy), Kevin Connauton (Healthy), Nate Prosser (Healthy)

Predators

5 vs 5 Forward 
   Center                   Left Wing                Right Wing               Time % Phy DF OF 
 1 Andy Miele               Alexander Ovechkin       Mikael Granlund          40     1   2  2  
 2 Ryan Kesler              Jaden Schwartz           Brendan Gallagher        30     1   2  2  
 3 Jack Eichel              Justin Abdelkader        Brad Boyes               20     1   2  2  
 4 Scott Laughton           Chris Higgins            Mark Pysyk               10     1   2  2  

5 vs 5 Defense 
   Defense                  Defense                                           Time % Phy DF OF 
 1 Ryan Mcdonagh            Alexander Edler                                   40     1   2  2  
 2 John Moore               Justin Faulk                                      30     1   2  2  
 3 Nate Schmidt             Denis Grebeshkov                                  20     1   2  2  
 4 Ryan Mcdonagh            Alexander Edler                                   10     1   2  2  

PowerPlay Forward 
   Center                   Left Wing                Right Wing               Time % Phy DF OF 
 1 Andy Miele               Alexander Ovechkin       Mikael Granlund          60     1   2  2  
 2 Ryan Kesler              Jaden Schwartz           Brendan Gallagher        40     1   2  2  

PowerPlay Defense
   Defense                  Defense                                           Time % Phy DF OF 
 1 Ryan Mcdonagh            Alexander Edler                                   60     1   2  2  
 2 John Moore               Justin Faulk                                      40     1   2  2  

Penalty Kill 4 Players Forward 
   Center                   Wing                     Time % Phy DF OF 
 1 Jaden Schwartz           Brendan Gallagher        60     1   2  2  
 2 Andy Miele               Mark Pysyk               40     1   2  2  

Penalty Kill 4 Players Defense
   Defense                  Defense                  Time % Phy DF OF 
 1 Ryan Mcdonagh            Alexander Edler          60     1   2  2  
 2 John Moore               Justin Faulk             40     1   2  2  

Penalty Kill - 3 Players Forward 
   Forward                                           Time % Phy DF OF 
 1 Andy Miele                                        60     1   2  2  
 2 Jaden Schwartz                                    40     1   2  2  

Penalty Kill - 3 Players Defense
   Defense                  Defense                  Time % Phy DF OF 
 1 Ryan Mcdonagh            Alexander Edler          60     1   2  2  
 2 John Moore               Justin Faulk             40     1   2  2  

4 vs 4 Forward 
   Center                   Wing                     Time % Phy DF OF 
 1 Mikael Granlund          Alexander Ovechkin       60     1   2  2  
 2 Jaden Schwartz           Brendan Gallagher        40     1   2  2  

4 vs 4 Defense
   Defense                  Defense                  Time % Phy DF OF 
 1 Ryan Mcdonagh            Alexander Edler          60     1   2  2  
 2 John Moore               Justin Faulk             40     1   2  2  

Last Minutes Offensive
   Center                   Left Wing                Right Wing               Defense                  Defense                  
   Ryan Kesler              Alexander Ovechkin       Mikael Granlund          Ryan Mcdonagh            Alexander Edler          

Last Minutes Defensive
   Center                   Left Wing                Right Wing               Defense                  Defense                  
   Ryan Kesler              Alexander Ovechkin       Mikael Granlund          Ryan Mcdonagh            Alexander Edler          

Goaltenders
Starting : Kari Lehtonen            
Backup : Jaroslav Halak           

Extra Forwards
Normal : Jack Eichel, Brad Boyes, Scott Laughton - PP : Brad Boyes, Jack Eichel - PK : Jack Eichel
Extra Defensemen
Normal : Denis Grebeshkov, Nate Schmidt, John Moore - PP : Denis Grebeshkov - PK : Nate Schmidt, Denis Grebeshkov
Penalty Shots
Brendan Gallagher, Mikael Granlund, Alexander Ovechkin, Jaden Schwartz, Ryan Mcdonagh

Scratches
Mike Brown (Healthy)

% Time on Ice - Lightning

Lines # - Real PCT - Wanted PCT - Time Play
Normal Forward
1 - 36% - 40% - 16:08
2 - 25% - 30% - 11:09
3 - 25% - 20% - 11:24
4 - 15% - 10% - 6:40
Normal Defense
1 - 42% - 40% - 18:58
2 - 34% - 30% - 15:34
3 - 21% - 20% - 9:43
4 - 2% - 10% - 1:06
PP Forward
1 - 67% - 60% - 1:34
2 - 33% - 40% - 0:47
PP Defense
1 - 72% - 60% - 1:41
2 - 28% - 40% - 0:40
PK Forward
1 - 69% - 60% - 8:15
2 - 31% - 40% - 3:43
PK Defense
1 - 64% - 60% - 7:36
2 - 36% - 40% - 4:22
PK3 Forward
1 - 0% - 60%
2 - 0% - 40%
PK3 Defense
1 - 0% - 60%
2 - 0% - 40%
44 Forward
1 - 73% - 60% - 3:40
2 - 27% - 40% - 1:20
44 Defense
1 - 54% - 60% - 2:43
2 - 46% - 40% - 2:17
Last Minute Offensive  - 0:20
Last Minute Defensive  - 0:00
Total
Forward - 65:00
Defense - 65:00

% Time on Ice - Predators

Lines # - Real PCT - Wanted PCT - Time Play
Normal Forward
1 - 35% - 40% - 16:00
2 - 24% - 30% - 11:01
3 - 22% - 20% - 9:57
4 - 18% - 10% - 8:19
Normal Defense
1 - 43% - 40% - 19:31
2 - 31% - 30% - 13:55
3 - 23% - 20% - 10:37
4 - 3% - 10% - 1:14
PP Forward
1 - 56% - 60% - 6:39
2 - 44% - 40% - 5:19
PP Defense
1 - 55% - 60% - 6:32
2 - 45% - 40% - 5:26
PK Forward
1 - 84% - 60% - 1:58
2 - 16% - 40% - 0:23
PK Defense
1 - 67% - 60% - 1:34
2 - 33% - 40% - 0:47
PK3 Forward
1 - 0% - 60%
2 - 0% - 40%
PK3 Defense
1 - 0% - 60%
2 - 0% - 40%
44 Forward
1 - 73% - 60% - 3:40
2 - 27% - 40% - 1:20
44 Defense
1 - 56% - 60% - 2:49
2 - 44% - 40% - 2:11
Last Minute Offensive  - 0:00
Last Minute Defensive  - 0:24
Total
Forward - 65:00
Defense - 65:00

Play-by-Play

1st period


0:01 of 1st period - Mark Scheifele wins face-off versus Andy Miele in neutral zone.
0:06 of 1st period - Snap shot by Max Pacioretty.
0:06 of 1st period - Stopped by Kari Lehtonen with a rebound.
0:22 of 1st period - Minor Penalty to John Carlson for Hooking.
0:23 of 1st period - Andy Miele wins face-off versus Mark Scheifele in Lightning zone.
0:30 of 1st period - Snap shot by Alexander Ovechkin.
0:30 of 1st period - Shot Blocked by Mark Scheifele.
2:22 of 1st period - Penalty to John Carlson is over, John Carlson is back on ice.
2:45 of 1st period - Brad Boyes is hit by Erik Christensen and loses puck.
5:34 of 1st period - John Carlson is hit by Jaden Schwartz and loses puck.
5:56 of 1st period - Brent Seabrook is hit by Ryan Mcdonagh and loses puck.
6:03 of 1st period - Alexander Edler is hit by Brent Seabrook.
6:39 of 1st period - Max Pacioretty is hit by Nate Schmidt and loses puck.
6:50 of 1st period - Ondrej Palat is hit by Justin Faulk and loses puck.
7:05 of 1st period - Erik Christensen is hit by Justin Faulk and loses puck.
7:51 of 1st period - Icing by Shayne Gostisbehere.
7:52 of 1st period - Sergei Shirokov wins face-off versus Andy Miele in Lightning zone.
8:03 of 1st period - Snap shot by Loui Eriksson.
8:03 of 1st period - Stopped by Kari Lehtonen with a rebound.
8:11 of 1st period - Snap shot by Yanni Gourde.
8:11 of 1st period - Stopped by Kari Lehtonen without a rebound.
8:12 of 1st period - Ryan Kesler wins face-off versus Mark Scheifele in Predators zone.
8:12 of 1st period - Ryan Kesler is hit by Mark Scheifele.
8:43 of 1st period - Snap shot by Mikael Granlund.
8:43 of 1st period - Goal by Mikael Granlund - Lightning : 0 - Predators : 1.
8:44 of 1st period - Mark Scheifele wins face-off versus Andy Miele in neutral zone.
8:51 of 1st period - Snap shot by Nikolaj Ehlers.
8:51 of 1st period - Shot Misses the Net.
8:53 of 1st period - Slapshot by Shayne Gostisbehere.
8:53 of 1st period - Stopped by Kari Lehtonen with a rebound.
9:11 of 1st period - Shayne Gostisbehere is hit by Brendan Gallagher.
9:19 of 1st period - Slapshot by Sergei Shirokov.
9:19 of 1st period - Shot Misses the Net.
9:21 of 1st period - Wrist shot by Sergei Shirokov.
9:21 of 1st period - Shot Misses the Net.
9:39 of 1st period - Slapshot by Will Butcher.
9:39 of 1st period - Stopped by Kari Lehtonen without a rebound.
9:40 of 1st period - Mark Scheifele wins face-off versus Andy Miele in Predators zone.
9:57 of 1st period - Wrist shot by Mark Scheifele.
9:57 of 1st period - Stopped by Kari Lehtonen without a rebound.
9:58 of 1st period - Brendan Gallagher wins face-off versus Yanni Gourde in Predators zone.
10:08 of 1st period - Off-side.
10:09 of 1st period - Mark Scheifele wins face-off versus Andy Miele in neutral zone.
10:36 of 1st period - Sergei Shirokov is hit by Jaden Schwartz.
11:25 of 1st period - Snap shot by Ondrej Palat.
11:25 of 1st period - Stopped by Kari Lehtonen without a rebound.
11:26 of 1st period - Scott Laughton wins face-off versus Mark Scheifele in Predators zone.
11:26 of 1st period - Scott Laughton is hit by Mark Scheifele.
11:41 of 1st period - Wrist shot by Mark Scheifele.
11:41 of 1st period - Shot Misses the Net.
11:43 of 1st period - Snap shot by Mark Scheifele.
11:43 of 1st period - Shot Misses the Net.
11:58 of 1st period - Snap shot by Mikael Granlund.
11:58 of 1st period - Stopped by Alex Nedeljkovic with a rebound.
12:22 of 1st period - Snap shot by Brendan Gallagher.
12:22 of 1st period - Stopped by Alex Nedeljkovic without a rebound.
12:23 of 1st period - Ryan Kesler wins face-off versus Mark Scheifele in Lightning zone.
12:40 of 1st period - Snap shot by Max Pacioretty.
12:40 of 1st period - Goal by Max Pacioretty - Lightning : 1 - Predators : 1.
12:41 of 1st period - Mark Scheifele wins face-off versus Andy Miele in neutral zone.
12:44 of 1st period - Slapshot by Shayne Gostisbehere.
12:44 of 1st period - Stopped by Kari Lehtonen with a rebound.
13:08 of 1st period - Minor Penalty to Ryan Kesler for Slashing.
13:09 of 1st period - Jaden Schwartz wins face-off versus Mark Scheifele in Predators zone.
13:42 of 1st period - Slapshot by Shayne Gostisbehere.
13:42 of 1st period - Stopped by Kari Lehtonen with a rebound.
13:44 of 1st period - Snap shot by Yanni Gourde.
13:44 of 1st period - Deflect By Jimmy Vesey.
13:44 of 1st period - Shot Misses the Net.
13:44 of 1st period - Puck is out of play.
13:45 of 1st period - Jaden Schwartz wins face-off versus Mark Scheifele in Predators zone.
14:10 of 1st period - Andy Miele is hit by Yanni Gourde and loses puck.
14:57 of 1st period - Max Pacioretty is hit by Andy Miele.
14:58 of 1st period - Icing by Max Pacioretty.
14:59 of 1st period - Andy Miele wins face-off versus Mark Scheifele in Lightning zone.
15:08 of 1st period - Penalty to Ryan Kesler is over, Ryan Kesler is back on ice.
15:22 of 1st period - Snap shot by Erik Christensen.
15:22 of 1st period - Stopped by Kari Lehtonen with a rebound.
15:24 of 1st period - Wrist shot by Ondrej Palat.
15:24 of 1st period - Goal by Ondrej Palat - Lightning : 2 - Predators : 1.
15:25 of 1st period - Ryan Kesler wins face-off versus Mark Scheifele in neutral zone.
16:02 of 1st period - Snap shot by Loui Eriksson.
16:02 of 1st period - Shot Misses the Net.
16:20 of 1st period - Snap shot by Jimmy Vesey.
16:20 of 1st period - Stopped by Kari Lehtonen without a rebound.
16:21 of 1st period - Ryan Kesler wins face-off versus Mark Scheifele in Predators zone.
16:34 of 1st period - Wrist shot by Brendan Gallagher.
16:34 of 1st period - Shot Misses the Net.
16:36 of 1st period - Slapshot by Ryan Mcdonagh.
16:36 of 1st period - Stopped by Alex Nedeljkovic with a rebound.
17:12 of 1st period - Mikael Granlund is hit by Loui Eriksson and loses puck.
17:33 of 1st period - John Moore is hit by Brent Seabrook and loses puck.
17:54 of 1st period - Snap shot by Brayden Point.
17:54 of 1st period - Shot Misses the Net.
17:56 of 1st period - Wrist shot by Will Butcher.
17:56 of 1st period - Stopped by Kari Lehtonen without a rebound.
17:57 of 1st period - Andy Miele wins face-off versus Erik Christensen in Predators zone.
18:20 of 1st period - Minor Penalty to Erik Christensen for Holding.
18:21 of 1st period - Andy Miele wins face-off versus Mark Scheifele in Lightning zone.
18:22 of 1st period - Wrist shot by Mikael Granlund.
18:22 of 1st period - Shot Misses the Net.
18:24 of 1st period - Backhand shot by Alexander Edler.
18:24 of 1st period - Goal by Alexander Edler - Lightning : 2 - Predators : 2.
18:25 of 1st period - Mikael Granlund wins face-off versus Mark Scheifele in neutral zone.
18:29 of 1st period - Icing by John Carlson.
18:30 of 1st period - Mark Scheifele wins face-off versus Andy Miele in Lightning zone.
19:04 of 1st period - Snap shot by Sergei Shirokov.
19:04 of 1st period - Stopped by Kari Lehtonen without a rebound.
19:05 of 1st period - Andy Miele wins face-off versus Yanni Gourde in Predators zone.
19:14 of 1st period - Snap shot by Andy Miele.
19:14 of 1st period - Shot Misses the Net.
19:16 of 1st period - Backhand shot by Alexander Ovechkin.
19:16 of 1st period - Stopped by Alex Nedeljkovic with a rebound.
19:18 of 1st period - Slapshot by Alexander Ovechkin.
19:18 of 1st period - Stopped by Alex Nedeljkovic without a rebound.
19:19 of 1st period - Andy Miele wins face-off versus Mark Scheifele in Lightning zone.
19:25 of 1st period - Minor Penalty to Shayne Gostisbehere for High sticking.
19:26 of 1st period - Mark Scheifele wins face-off versus Andy Miele in Lightning zone.
19:29 of 1st period - Off-side.
19:30 of 1st period - Mark Scheifele wins face-off versus Andy Miele in neutral zone.
19:59 of 1st period - Snap shot by Jaden Schwartz.
19:59 of 1st period - Shot Misses the Net.
Goals for this period are 2 for Lightning vs 2 for Predators.
Shots for this period are 15 for Lightning vs 7 for Predators.

2nd period


0:01 of 2nd period - Andy Miele wins face-off versus Mark Scheifele in neutral zone.
1:21 of 2nd period - Jaden Schwartz is hit by Brent Seabrook and loses puck.
1:25 of 2nd period - Penalty to Shayne Gostisbehere is over, Shayne Gostisbehere is back on ice.
2:00 of 2nd period - Mark Pysyk is hit by Peter Prucha.
2:33 of 2nd period - John Moore is hit by Yanni Gourde and loses puck.
2:53 of 2nd period - Icing by Brent Seabrook.
2:54 of 2nd period - Scott Laughton wins face-off versus Mark Scheifele in Lightning zone.
2:59 of 2nd period - Snap shot by Mark Pysyk.
2:59 of 2nd period - Stopped by Alex Nedeljkovic with a rebound.
3:01 of 2nd period - Snap shot by Mark Pysyk.
3:01 of 2nd period - Stopped by Alex Nedeljkovic without a rebound.
3:02 of 2nd period - Andy Miele wins face-off versus Yanni Gourde in Lightning zone.
3:03 of 2nd period - Wrist shot by Mikael Granlund.
3:03 of 2nd period - Shot Blocked by Shayne Gostisbehere.
3:05 of 2nd period - Wrist shot by Andy Miele.
3:05 of 2nd period - Shot Blocked by Yanni Gourde.
3:17 of 2nd period - Wrist shot by Alexander Ovechkin.
3:17 of 2nd period - Goal by Alexander Ovechkin - Lightning : 2 - Predators : 3.
3:18 of 2nd period - Mark Scheifele wins face-off versus Andy Miele in neutral zone.
4:09 of 2nd period - Wrist shot by Jimmy Vesey.
4:09 of 2nd period - Shot Misses the Net.
4:11 of 2nd period - Wrist shot by Jesper Fast.
4:11 of 2nd period - Deflect By Jimmy Vesey.
4:11 of 2nd period - Shot Misses the Net.
4:11 of 2nd period - Puck is out of play.
4:12 of 2nd period - Mark Scheifele wins face-off versus Andy Miele in Predators zone.
4:21 of 2nd period - Snap shot by Mark Scheifele.
4:21 of 2nd period - Stopped by Kari Lehtonen with a rebound.
4:23 of 2nd period - Snap shot by Mark Scheifele.
4:23 of 2nd period - Stopped by Kari Lehtonen with a rebound.
4:25 of 2nd period - Slapshot by Joni Pitkanen.
4:25 of 2nd period - Shot Misses the Net.
4:57 of 2nd period - Icing by Will Butcher.
4:58 of 2nd period - Brad Boyes wins face-off versus Jesper Fast in Lightning zone.
5:11 of 2nd period - Snap shot by Justin Abdelkader.
5:11 of 2nd period - Shot Misses the Net.
5:13 of 2nd period - Slapshot by Justin Faulk.
5:13 of 2nd period - Stopped by Alex Nedeljkovic without a rebound.
5:14 of 2nd period - Andy Miele wins face-off versus Mark Scheifele in Lightning zone.
5:23 of 2nd period - Slapshot by Alexander Ovechkin.
5:23 of 2nd period - Shot Misses the Net.
5:43 of 2nd period - Sergei Shirokov is hit by Jaden Schwartz and loses puck.
6:33 of 2nd period - Off-side.
6:34 of 2nd period - Mark Scheifele wins face-off versus Andy Miele in neutral zone.
6:51 of 2nd period - Snap shot by Mark Scheifele.
6:51 of 2nd period - Stopped by Kari Lehtonen with a rebound.
7:18 of 2nd period - Minor Penalty to Brent Seabrook for Roughing.
7:19 of 2nd period - Mark Scheifele wins face-off versus Andy Miele in Lightning zone.
7:51 of 2nd period - Icing by Brendan Gallagher.
7:52 of 2nd period - Ryan Kesler wins face-off versus Yanni Gourde in Predators zone.
9:18 of 2nd period - Penalty to Brent Seabrook is over, Brent Seabrook is back on ice.
9:27 of 2nd period - Snap shot by Yanni Gourde.
9:27 of 2nd period - Stopped by Kari Lehtonen with a rebound.
9:29 of 2nd period - Slapshot by Jesper Fast.
9:29 of 2nd period - Shot Misses the Net.
9:31 of 2nd period - Snap shot by Jesper Fast.
9:31 of 2nd period - Stopped by Kari Lehtonen with a rebound.
9:33 of 2nd period - Slapshot by Brent Seabrook.
9:33 of 2nd period - Shot Blocked by John Moore.
9:43 of 2nd period - Wrist shot by Mark Pysyk.
9:43 of 2nd period - Stopped by Alex Nedeljkovic without a rebound.
9:44 of 2nd period - Erik Christensen wins face-off versus Scott Laughton in Lightning zone.
9:44 of 2nd period - Erik Christensen is hit by Scott Laughton.
10:00 of 2nd period - Wrist shot by Ondrej Palat.
10:00 of 2nd period - Shot Misses the Net.
10:20 of 2nd period - Wrist shot by Chris Higgins.
10:20 of 2nd period - Shot Misses the Net.
10:22 of 2nd period - Slapshot by Alexander Edler.
10:22 of 2nd period - Deflect By Mark Pysyk.
10:22 of 2nd period - Shot Hit the Post.
10:22 of 2nd period - Puck is out of play.
10:23 of 2nd period - Mark Scheifele wins face-off versus Andy Miele in Lightning zone.
10:28 of 2nd period - Slapshot by Shayne Gostisbehere.
10:28 of 2nd period - Shot Blocked by Alexander Ovechkin.
10:30 of 2nd period - Slapshot by Max Pacioretty.
10:30 of 2nd period - Shot Misses the Net.
10:32 of 2nd period - Wrist shot by Nikolaj Ehlers.
10:32 of 2nd period - Stopped by Kari Lehtonen without a rebound.
10:33 of 2nd period - Mikael Granlund wins face-off versus Mark Scheifele in Predators zone.
11:06 of 2nd period - Wrist shot by Mark Scheifele.
11:06 of 2nd period - Stopped by Kari Lehtonen without a rebound.
11:07 of 2nd period - Yanni Gourde wins face-off versus Ryan Kesler in Predators zone.
11:10 of 2nd period - Snap shot by Loui Eriksson.
11:10 of 2nd period - Deflect By Yanni Gourde.
11:10 of 2nd period - Stopped by Kari Lehtonen with a rebound.
11:20 of 2nd period - Wrist shot by Jaden Schwartz.
11:20 of 2nd period - Shot Misses the Net.
11:22 of 2nd period - Wrist shot by Jaden Schwartz.
11:22 of 2nd period - Stopped by Alex Nedeljkovic without a rebound.
11:23 of 2nd period - Mark Scheifele wins face-off versus Andy Miele in Lightning zone.
11:25 of 2nd period - Minor Penalty to Shayne Gostisbehere for Hooking.
11:26 of 2nd period - Mark Scheifele wins face-off versus Andy Miele in Lightning zone.
11:26 of 2nd period - Mark Scheifele is hit by Mikael Granlund.
12:48 of 2nd period - John Carlson is hit by Brendan Gallagher and loses puck.
13:25 of 2nd period - Penalty to Shayne Gostisbehere is over, Shayne Gostisbehere is back on ice.
13:36 of 2nd period - Icing by Nate Schmidt.
13:37 of 2nd period - Brayden Point wins face-off versus Scott Laughton in Predators zone.
13:56 of 2nd period - Mark Pysyk is hit by Shayne Gostisbehere and loses puck.
14:18 of 2nd period - Nate Schmidt is hit by Will Butcher and loses puck.
14:41 of 2nd period - Wrist shot by Mark Pysyk.
14:41 of 2nd period - Shot Misses the Net.
14:43 of 2nd period - Wrist shot by Denis Grebeshkov.
14:43 of 2nd period - Deflect By Chris Higgins.
14:43 of 2nd period - Shot Misses the Net.
14:43 of 2nd period - Puck is out of play.
14:44 of 2nd period - Andy Miele wins face-off versus Mark Scheifele in Lightning zone.
14:53 of 2nd period - Wrist shot by Mikael Granlund.
14:53 of 2nd period - Stopped by Alex Nedeljkovic without a rebound.
14:54 of 2nd period - Mark Scheifele wins face-off versus Andy Miele in Lightning zone.
14:56 of 2nd period - Minor Penalty to Mark Scheifele for Slashing.
14:57 of 2nd period - Alexander Ovechkin wins face-off versus Erik Christensen in Lightning zone.
16:26 of 2nd period - Brendan Gallagher is hit by Yanni Gourde and loses puck.
16:56 of 2nd period - Penalty to Mark Scheifele is over, Mark Scheifele is back on ice.
17:08 of 2nd period - Icing by Justin Faulk.
17:09 of 2nd period - Scott Laughton wins face-off versus Mark Scheifele in Predators zone.
17:20 of 2nd period - Snap shot by Chris Higgins.
17:20 of 2nd period - Stopped by Alex Nedeljkovic with a rebound.
18:02 of 2nd period - Wrist shot by Scott Laughton.
18:02 of 2nd period - Stopped by Alex Nedeljkovic without a rebound.
18:03 of 2nd period - Andy Miele wins face-off versus Yanni Gourde in Lightning zone.
18:06 of 2nd period - Backhand shot by Andy Miele.
18:06 of 2nd period - Goal by Andy Miele - Lightning : 2 - Predators : 4.
18:06 of 2nd period - Jimmy Howard enters game.
18:07 of 2nd period - Yanni Gourde wins face-off versus Andy Miele in neutral zone.
18:34 of 2nd period - Ryan Kesler is hit by Jimmy Vesey and loses puck.
18:38 of 2nd period - Icing by Brendan Gallagher.
18:39 of 2nd period - Jimmy Vesey wins face-off versus Ryan Kesler in Predators zone.
18:42 of 2nd period - Snap shot by Jimmy Vesey.
18:42 of 2nd period - Stopped by Kari Lehtonen with a rebound.
18:48 of 2nd period - Wrist shot by Jimmy Vesey.
18:48 of 2nd period - Stopped by Kari Lehtonen with a rebound.
18:50 of 2nd period - Wrist shot by Brayden Point.
18:50 of 2nd period - Shot Misses the Net.
18:52 of 2nd period - Slapshot by Joni Pitkanen.
18:52 of 2nd period - Stopped by Kari Lehtonen without a rebound.
18:53 of 2nd period - Mark Scheifele wins face-off versus Andy Miele in Predators zone.
18:56 of 2nd period - Slapshot by Mark Scheifele.
18:56 of 2nd period - Shot Blocked by Ryan Mcdonagh.
18:58 of 2nd period - Wrist shot by Mark Scheifele.
18:58 of 2nd period - Shot Misses the Net.
19:23 of 2nd period - Snap shot by Brendan Gallagher.
19:23 of 2nd period - Shot Hit the Post.
19:25 of 2nd period - Slapshot by Ryan Mcdonagh.
19:25 of 2nd period - Stopped by Jimmy Howard with a rebound.
19:27 of 2nd period - Slapshot by Ryan Mcdonagh.
19:27 of 2nd period - Shot Misses the Net.
19:29 of 2nd period - Wrist shot by Ryan Kesler.
19:29 of 2nd period - Stopped by Jimmy Howard without a rebound.
19:30 of 2nd period - Brayden Point wins face-off versus Ryan Kesler in Lightning zone.
19:56 of 2nd period - Justin Faulk is hit by Nikolaj Ehlers and loses puck.
Goals for this period are 0 for Lightning vs 2 for Predators.
Shots for this period are 11 for Lightning vs 12 for Predators.

3rd period


0:01 of 3rd period - Andy Miele wins face-off versus Mark Scheifele in neutral zone.
0:04 of 3rd period - Wrist shot by Mikael Granlund.
0:04 of 3rd period - Shot Misses the Net.
0:06 of 3rd period - Wrist shot by Andy Miele.
0:06 of 3rd period - Goal by Andy Miele - Lightning : 2 - Predators : 5.
0:07 of 3rd period - Mark Scheifele wins face-off versus Andy Miele in neutral zone.
0:28 of 3rd period - Andy Miele is hit by Shayne Gostisbehere and loses puck.
0:37 of 3rd period - Wrist shot by Alexander Ovechkin.
0:37 of 3rd period - Stopped by Jimmy Howard without a rebound.
0:38 of 3rd period - Ryan Kesler wins face-off versus Yanni Gourde in Lightning zone.
1:03 of 3rd period - Justin Abdelkader is hit by Jimmy Vesey and loses puck.
1:25 of 3rd period - Off-side.
1:26 of 3rd period - Mark Scheifele wins face-off versus Andy Miele in neutral zone.
1:55 of 3rd period - Wrist shot by Nikolaj Ehlers.
1:55 of 3rd period - Shot Misses the Net.
1:57 of 3rd period - Slapshot by John Carlson.
1:57 of 3rd period - Stopped by Kari Lehtonen with a rebound.
1:59 of 3rd period - Snap shot by Max Pacioretty.
1:59 of 3rd period - Stopped by Kari Lehtonen with a rebound.
2:01 of 3rd period - Slapshot by John Carlson.
2:01 of 3rd period - Stopped by Kari Lehtonen with a rebound.
2:05 of 3rd period - Snap shot by Nikolaj Ehlers.
2:05 of 3rd period - Shot Misses the Net.
2:07 of 3rd period - Wrist shot by Nikolaj Ehlers.
2:07 of 3rd period - Shot Blocked by Mikael Granlund.
2:09 of 3rd period - Snap shot by Nikolaj Ehlers.
2:09 of 3rd period - Shot Misses the Net.
2:11 of 3rd period - Wrist shot by Max Pacioretty.
2:11 of 3rd period - Deflect By Mark Scheifele.
2:11 of 3rd period - Shot Blocked by Alexander Ovechkin.
2:11 of 3rd period - Puck is out of play.
2:12 of 3rd period - Yanni Gourde wins face-off versus Ryan Kesler in Predators zone.
2:44 of 3rd period - Slapshot by Jack Eichel.
2:44 of 3rd period - Shot Misses the Net.
3:04 of 3rd period - Scott Laughton is hit by Ondrej Palat and loses puck.
4:01 of 3rd period - Backhand shot by John Carlson.
4:01 of 3rd period - Stopped by Kari Lehtonen without a rebound.
4:02 of 3rd period - Brayden Point wins face-off versus Brad Boyes in Predators zone.
4:05 of 3rd period - Backhand shot by Jimmy Vesey.
4:05 of 3rd period - Shot Misses the Net.
4:32 of 3rd period - Snap shot by Jack Eichel.
4:32 of 3rd period - Stopped by Jimmy Howard with a rebound.
4:39 of 3rd period - Icing by Will Butcher.
4:40 of 3rd period - Brayden Point wins face-off versus Andy Miele in Lightning zone.
5:07 of 3rd period - Minor Penalty to Max Pacioretty for Hooking.
5:08 of 3rd period - Andy Miele wins face-off versus Mark Scheifele in Lightning zone.
5:15 of 3rd period - Snap shot by Andy Miele.
5:15 of 3rd period - Shot Blocked by John Carlson.
5:17 of 3rd period - Snap shot by Ryan Mcdonagh.
5:17 of 3rd period - Shot Misses the Net.
5:19 of 3rd period - Backhand shot by Ryan Mcdonagh.
5:19 of 3rd period - Stopped by Jimmy Howard without a rebound.
5:20 of 3rd period - Mark Scheifele wins face-off versus Andy Miele in Lightning zone.
5:20 of 3rd period - Mark Scheifele is hit by Mikael Granlund.
5:46 of 3rd period - Slapshot by Jaden Schwartz.
5:46 of 3rd period - Stopped by Jimmy Howard without a rebound.
5:47 of 3rd period - Ryan Kesler wins face-off versus Yanni Gourde in Lightning zone.
6:25 of 3rd period - Slapshot by Jaden Schwartz.
6:25 of 3rd period - Stopped by Jimmy Howard with a rebound.
6:37 of 3rd period - Erik Christensen is hit by Andy Miele and loses puck.
7:07 of 3rd period - Penalty to Max Pacioretty is over, Max Pacioretty is back on ice.
7:23 of 3rd period - Brayden Point is hit by Brad Boyes and loses puck.
7:48 of 3rd period - Ryan Mcdonagh is hit by Erik Christensen and loses puck.
8:07 of 3rd period - Backhand shot by Nate Schmidt.
8:07 of 3rd period - Shot Misses the Net.
8:19 of 3rd period - Denis Grebeshkov is hit by Jimmy Vesey and loses puck.
8:24 of 3rd period - Snap shot by Jesper Fast.
8:24 of 3rd period - Stopped by Kari Lehtonen without a rebound.
8:25 of 3rd period - Mark Scheifele wins face-off versus Andy Miele in Predators zone.
8:46 of 3rd period - Minor Penalty to Mikael Granlund for Hooking.
8:47 of 3rd period - Mark Scheifele wins face-off versus Jaden Schwartz in Predators zone.
8:50 of 3rd period - Slapshot by Nikolaj Ehlers.
8:50 of 3rd period - Shot Misses the Net.
8:52 of 3rd period - Slapshot by Shayne Gostisbehere.
8:52 of 3rd period - Deflect By Mark Scheifele.
8:52 of 3rd period - Shot Misses the Net.
8:52 of 3rd period - Puck is out of play.
8:53 of 3rd period - Jaden Schwartz wins face-off versus Mark Scheifele in Predators zone.
9:06 of 3rd period - Wrist shot by Nikolaj Ehlers.
9:06 of 3rd period - Shot Misses the Net.
9:08 of 3rd period - Snap shot by Max Pacioretty.
9:08 of 3rd period - Lightning goal is going for a video replay.
9:08 of 3rd period - The goal is good.
9:08 of 3rd period - Goal by Max Pacioretty - Lightning : 3 - Predators : 5.
9:09 of 3rd period - Mark Scheifele wins face-off versus Andy Miele in neutral zone.
9:14 of 3rd period - Slapshot by Nikolaj Ehlers.
9:14 of 3rd period - Shot Blocked by Alexander Ovechkin.
9:20 of 3rd period - Snap shot by Mikael Granlund.
9:20 of 3rd period - Shot Blocked by Shayne Gostisbehere.
9:22 of 3rd period - Backhand shot by Ryan Mcdonagh.
9:22 of 3rd period - Stopped by Jimmy Howard without a rebound.
9:23 of 3rd period - Yanni Gourde wins face-off versus Ryan Kesler in Lightning zone.
9:23 of 3rd period - Yanni Gourde is hit by Brendan Gallagher.
9:49 of 3rd period - Alexander Ovechkin is hit by Nikolaj Ehlers and loses puck.
11:12 of 3rd period - Snap shot by Mikael Granlund.
11:12 of 3rd period - Stopped by Jimmy Howard without a rebound.
11:13 of 3rd period - Mikael Granlund wins face-off versus Mark Scheifele in Lightning zone.
11:30 of 3rd period - Andy Miele is hit by Brent Seabrook and loses puck.
11:37 of 3rd period - Snap shot by Mark Scheifele.
11:37 of 3rd period - Stopped by Kari Lehtonen without a rebound.
11:38 of 3rd period - Ryan Kesler wins face-off versus Loui Eriksson in Predators zone.
12:12 of 3rd period - Backhand shot by Ryan Mcdonagh.
12:12 of 3rd period - Stopped by Jimmy Howard with a rebound.
13:06 of 3rd period - Nate Schmidt is hit by Yanni Gourde and loses puck.
13:38 of 3rd period - Icing by Jesper Fast.
13:39 of 3rd period - Brayden Point wins face-off versus Andy Miele in Lightning zone.
14:06 of 3rd period - Alexander Edler is hit by Will Butcher and loses puck.
14:31 of 3rd period - Wrist shot by Loui Eriksson.
14:31 of 3rd period - Stopped by Kari Lehtonen with a rebound.
14:33 of 3rd period - Slapshot by Will Butcher.
14:33 of 3rd period - Shot Misses the Net.
14:35 of 3rd period - Slapshot by Brent Seabrook.
14:35 of 3rd period - Shot Misses the Net.
14:37 of 3rd period - Snap shot by Yanni Gourde.
14:37 of 3rd period - Stopped by Kari Lehtonen with a rebound.
16:51 of 3rd period - Scott Laughton is hit by Peter Prucha and loses puck.
17:12 of 3rd period - Justin Faulk is hit by Jimmy Vesey and loses puck.
17:21 of 3rd period - Snap shot by Jesper Fast.
17:21 of 3rd period - Stopped by Kari Lehtonen with a rebound.
17:23 of 3rd period - Slapshot by Shayne Gostisbehere.
17:23 of 3rd period - Goal by Shayne Gostisbehere - Lightning : 4 - Predators : 5.
17:24 of 3rd period - Brayden Point wins face-off versus Jack Eichel in neutral zone.
17:39 of 3rd period - Slapshot by Jimmy Vesey.
17:39 of 3rd period - Deflect By Jesper Fast.
17:39 of 3rd period - Shot Blocked by Ryan Mcdonagh.
17:39 of 3rd period - Puck is out of play.
17:40 of 3rd period - Andy Miele wins face-off versus Mark Scheifele in Predators zone.
17:40 of 3rd period - Andy Miele is hit by Max Pacioretty.
17:43 of 3rd period - Icing by Alexander Ovechkin.
17:44 of 3rd period - Andy Miele wins face-off versus Mark Scheifele in Predators zone.
17:51 of 3rd period - Slapshot by Max Pacioretty.
17:51 of 3rd period - Shot Misses the Net.
17:53 of 3rd period - Snap shot by Max Pacioretty.
17:53 of 3rd period - Stopped by Kari Lehtonen with a rebound.
17:55 of 3rd period - Slapshot by John Carlson.
17:55 of 3rd period - Stopped by Kari Lehtonen with a rebound.
17:57 of 3rd period - Slapshot by Shayne Gostisbehere.
17:57 of 3rd period - Stopped by Kari Lehtonen without a rebound.
17:58 of 3rd period - Jack Eichel wins face-off versus Brayden Point in Predators zone.
18:15 of 3rd period - Snap shot by Justin Abdelkader.
18:15 of 3rd period - Stopped by Jimmy Howard without a rebound.
18:16 of 3rd period - Mikael Granlund wins face-off versus Mark Scheifele in Lightning zone.
18:21 of 3rd period - Wrist shot by Andy Miele.
18:21 of 3rd period - Stopped by Jimmy Howard with a rebound.
18:43 of 3rd period - Justin Faulk is hit by John Carlson and loses puck.
19:08 of 3rd period - Lightning, Jimmy Howard is pulled from the net.
19:21 of 3rd period - Wrist shot by Max Pacioretty.
19:21 of 3rd period - Goal by Max Pacioretty - Lightning : 5 - Predators : 5.
19:21 of 3rd period - Jimmy Howard from Lightning was sent back in the game.
19:22 of 3rd period - Brayden Point wins face-off versus Jack Eichel in neutral zone.
19:27 of 3rd period - Wrist shot by Jesper Fast.
19:27 of 3rd period - Shot Misses the Net.
19:37 of 3rd period - Snap shot by Jesper Fast.
19:37 of 3rd period - Stopped by Kari Lehtonen with a rebound.
19:47 of 3rd period - Wiley Sherman is hit by Brendan Gallagher and loses puck.
19:54 of 3rd period - Alexander Edler is hit by Will Butcher and loses puck.
Goals for this period are 3 for Lightning vs 1 for Predators.
Shots for this period are 16 for Lightning vs 11 for Predators.

Overtime #1


0:01 of 1st overtime period - Mikael Granlund wins face-off versus Mark Scheifele in neutral zone.
0:52 of 1st overtime period - Icing by Brendan Gallagher.
0:53 of 1st overtime period - Mark Scheifele wins face-off versus Jaden Schwartz in Predators zone.
1:28 of 1st overtime period - Slapshot by Ryan Mcdonagh.
1:28 of 1st overtime period - Stopped by Jimmy Howard with a rebound.
2:08 of 1st overtime period - John Carlson is hit by Brad Boyes and loses puck.
2:46 of 1st overtime period - Max Pacioretty is hit by Brad Boyes.
3:02 of 1st overtime period - Scott Laughton is hit by Will Butcher and loses puck.
3:16 of 1st overtime period - Icing by Brad Boyes.
3:17 of 1st overtime period - Jaden Schwartz wins face-off versus Yanni Gourde in Predators zone.
3:26 of 1st overtime period - Slapshot by Brendan Gallagher.
3:26 of 1st overtime period - Shot Blocked by Max Pacioretty.
3:28 of 1st overtime period - Slapshot by Justin Faulk.
3:28 of 1st overtime period - Stopped by Jimmy Howard without a rebound.
3:29 of 1st overtime period - Mikael Granlund wins face-off versus Mark Scheifele in Lightning zone.
3:30 of 1st overtime period - Slapshot by Alexander Edler.
3:30 of 1st overtime period - Shot Misses the Net.
3:32 of 1st overtime period - Snap shot by Alexander Ovechkin.
3:32 of 1st overtime period - Stopped by Jimmy Howard with a rebound.
3:34 of 1st overtime period - Wrist shot by Mikael Granlund.
3:34 of 1st overtime period - Deflect By Alexander Ovechkin.
3:34 of 1st overtime period - Shot Blocked by Will Butcher.
3:34 of 1st overtime period - Puck is out of play.
3:35 of 1st overtime period - Mikael Granlund wins face-off versus Mark Scheifele in Lightning zone.
3:36 of 1st overtime period - Snap shot by Alexander Ovechkin.
3:36 of 1st overtime period - Deflect By Sergei Shirokov.
3:36 of 1st overtime period - Stopped by Jimmy Howard with a rebound.
3:38 of 1st overtime period - Backhand shot by Mikael Granlund.
3:38 of 1st overtime period - Shot Misses the Net.
3:40 of 1st overtime period - Wrist shot by Ryan Mcdonagh.
3:40 of 1st overtime period - Shot Misses the Net.
Goals for this period are 0 for Lightning vs 0 for Predators.
Shots for this period are 0 for Lightning vs 4 for Predators.

ShootOut


5:00 of 1st overtime period - Round #1.
5:00 of 1st overtime period - Lightning, Max Pacioretty.
5:00 of 1st overtime period - Deke by Max Pacioretty.
5:00 of 1st overtime period - Shot Misses the Net.
5:00 of 1st overtime period - Predators, Brendan Gallagher.
5:00 of 1st overtime period - Deke by Brendan Gallagher.
5:00 of 1st overtime period - Stopped by Jimmy Howard.
5:00 of 1st overtime period - Round #2.
5:00 of 1st overtime period - Lightning, Mark Scheifele.
5:00 of 1st overtime period - Wrist shot by Mark Scheifele.
5:00 of 1st overtime period - Stopped by Kari Lehtonen.
5:00 of 1st overtime period - Predators, Mikael Granlund.
5:00 of 1st overtime period - Deke by Mikael Granlund.
5:00 of 1st overtime period - Shot Misses the Net.
5:00 of 1st overtime period - Round #3.
5:00 of 1st overtime period - Lightning, Brayden Point.
5:00 of 1st overtime period - Snap shot by Brayden Point.
5:00 of 1st overtime period - Stopped by Kari Lehtonen.
5:00 of 1st overtime period - Predators, Alexander Ovechkin.
5:00 of 1st overtime period - Wrist shot by Alexander Ovechkin.
5:00 of 1st overtime period - Stopped by Jimmy Howard.
5:00 of 1st overtime period - Round #4.
5:00 of 1st overtime period - Lightning, Nikolaj Ehlers.
5:00 of 1st overtime period - Backhand shot by Nikolaj Ehlers.
5:00 of 1st overtime period - Stopped by Kari Lehtonen.
5:00 of 1st overtime period - Predators, Jaden Schwartz.
5:00 of 1st overtime period - Deke by Jaden Schwartz.
5:00 of 1st overtime period - Goal by Jaden Schwartz.